 Dungeon Crawl Stone Soup version 0.28-a0-1447-ga5a8893891 (webtiles) character file.

Game seed: 1725354534045606306

38094 dolemite99 the Severer (level 14, -9/99 (101) HPs)
             Began as a Hill Orc Fighter on Jan 10, 2022.
             Was a High Priest of Hepliaklqana.
             Mangled by a dire elephant (16 damage)
             ... on level 6 of the Lair of Beasts.
             The game lasted 00:21:38 (18191 turns).

dolemite99 the Severer (Hill Orc Fighter)          Turns: 18191, Time: 00:21:39

HP:   -9/99 (101)   AC: 24    Str: 24    XL:     14   Next: 0%
MP:   22/24         EV:  2    Int:  8    God:    Hepliaklqana [*****.]
Gold: 664           SH:  9    Dex: 10    Spells: 13/13 levels left

rFire   . . .      SeeInvis .   b - +6 war axe (flame)
rCold   + . .      Faith    .   u - +0 kite shield
rNeg    . . .      Spirit   .   D - +0 plate armour
rPois   +          Reflect  .   X - +1 helmet
rElec   .          Harm     .   z - +1 cloak
rCorr   .          Rampage  .   v - +1 pair of gloves
Will    +....                   y - +2 pair of boots
Stlth   ..........              (no amulet)
HPRegen 0.26/turn               j - ring of protection from cold
MPRegen 0.19/turn               c - ring of poison resistance

@: constricted, lightly drained
A: reduced essence
a: Renounce Religion, Recall Ancestor, Ancestor Identity, Transference, Idealise


You were on level 6 of the Lair of Beasts.
You worshipped Hepliaklqana.
Hepliaklqana was extremely pleased with you.
You visited 2 branches of the dungeon, and saw 14 of its levels.
You also visited: Ossuary.

You collected 706 gold pieces.
You spent 42 gold pieces at shops.

Inventory:

Hand Weapons
 b - a +6 war axe of flaming (weapon)
 I - a +2 vorpal trident
 U - a +3 trident of flaming
Missiles
 f - 428 stones (quivered)
 t - 8 atropa-tipped darts
 N - 28 poisoned darts
 T - 2 javelins
Armour
 u - a +0 kite shield (worn)
 v - a +1 pair of gloves (worn)
 y - a +2 pair of boots (worn)
 z - a +1 cloak (worn)
 D - a +0 plate armour (worn)
 X - a +1 helmet (worn)
Magical Staves
 a - a staff of fire
Jewellery
 c - a ring of poison resistance (right hand)
 j - a ring of protection from cold (left hand)
 w - a ring of positive energy
 C - a ring of protection from fire
 O - a +6 ring of dexterity
 W - a ring of willpower
Wands
 r - a wand of iceblast (4)
 E - a wand of flame (4)
 S - a wand of mindburst (9)
Scrolls
 i - 4 scrolls of holy word
 F - 3 scrolls of fog
 K - 8 scrolls of teleportation
 L - a scroll of brand weapon
 M - 3 scrolls of magic mapping
 R - a scroll of identify {@r1}
Potions
 d - 2 potions of might
 e - 6 potions of curing
 h - 8 potions of heal wounds
 k - 3 potions of attraction
 l - a potion of brilliance
 m - 2 potions of haste
 n - a potion of resistance
 s - a potion of magic
 G - a potion of flight
 J - 2 potions of cancellation
 P - 3 potions of lignification
 Y - a potion of berserk rage
Miscellaneous
 q - a phial of floods (inert)
 Z - a condenser vane (inert)


   Skills:
 + Level 7.3 Fighting
 - Level 15.4(17.3) Axes
 - Level 11.1(13.7) Polearms
 - Level 5.1 Throwing
 - Level 8.9 Armour
 - Level 7.2 Shields
 - Level 13.7 Invocations
 - Level 8.2 Evocations


You had 13 spell levels left.
You didn't know any spells.
Your spell library contained the following spells:

 Spells                   Type           Power      Damage    Failure   Level
 Apportation              Tloc           0%         N/A       100%        1
 Ensorcelled Hibernation  Hex/Ice        0%         N/A       100%        2
 Passwall                 Tmut/Erth      0%         N/A       100%        2
 Sublimation of Blood     Necr           0%         N/A       100%        2
 Ignite Poison            Fire/Tmut/Pois 0%         N/A       100%        3
 Mephitic Cloud           Conj/Pois/Air  0%         N/A       100%        3
 Swiftness                Air            0%         N/A       100%        3
 Petrify                  Tmut/Erth      0%         N/A       100%        4
 Alistair's Intoxication  Tmut/Pois      0%         N/A       100%        5
 Borgnjor's Vile Clutch   Necr/Erth      0%         N/A       100%        5
 Freezing Cloud           Conj/Ice/Air   0%         6-21      100%        5
 Irradiate                Conj/Tmut      0%         3d13      100%        5
 Eringya's Noxious Bog    Tmut/Pois      0%         N/A       100%        6


Dungeon Overview and Level Annotations

Branches:
Dungeon (8/15)             Temple (0/1) D:6            Lair (6/6) D:8
 Shoals (0/4) Lair:3       Spider (0/4) Lair:3        Slime (0/5) Lair:6
Ossuary (visited)

Altars:
Elyvilon
Hepliaklqana
Trog
Uskayaw
Vehumet
Wu Jian
Xom
Jiyva

Shops:
D:5 *   D:8 :

Annotations:
D:3 3 runed translucent doors, freelancePsychic's ghost, amateur HOAK
D:4 2 transporters
Lair:1 3 runed translucent doors, dolemite99's ghost, journeyman HOFi
Lair:6 1 runed translucent door, exclusions: obsidian statue and 1 more exclusion


Message History

You closely miss the spectral anaconda.
The spectral anaconda bites you but does no damage.
The spectral anaconda constricts you. The dire elephant tramples you.
You are held in place!
The dire elephant trunk-slaps you.
Octavia hits the spectral anaconda with a +0 flail.
The spectral anaconda bites you! The spectral anaconda constricts you.
You hit the dire elephant but do no damage.
The dire elephant is heavily wounded.
You hit the spectral anaconda. You burn the spectral anaconda.
The spectral anaconda bites you but does no damage.
The spectral anaconda constricts you.
The dire elephant tramples you but does no damage.
The dire elephant trunk-slaps you but does no damage.
Octavia closely misses the spectral anaconda.
You slice the dire elephant!! You burn the dire elephant.
The dire elephant is severely wounded.
You closely miss the spectral anaconda.
You block the spectral anaconda's attack.
The spectral anaconda constricts you. The dire elephant tramples you.
You are held in place!
The dire elephant trunk-slaps you but does no damage.
Octavia hits the spectral anaconda with a +0 flail!
The spectral anaconda bites you but does no damage.
The spectral anaconda constricts you.
You slash the dire elephant! You burn the dire elephant.
The dire elephant is almost dead.
You hit the spectral anaconda. You burn the spectral anaconda.
The spectral anaconda bites you!
* * * LOW HITPOINT WARNING * * *
The spectral anaconda constricts you. The dire elephant tramples you!
* * * LOW HITPOINT WARNING * * *
You are held in place!
You block the dire elephant's attack.
Octavia hits the spectral anaconda but does no damage.
You slash the dire elephant! You burn the dire elephant.
The dire elephant is almost dead.
You catch the helpless spectral anaconda completely off-guard!
You slash the spectral anaconda! You burn the spectral anaconda.
The spectral anaconda bites you but does no damage.
The spectral anaconda constricts you. The dire elephant tramples you!
You die...

######## ♣♣#.#.#..#
♣♣..P....P##
♣P.........##
#.....#.#.....#
#P.P♣♣####''#''#### ##
#♣8
#8..#.@Y.8##.≈≈##8...8#
#...#..ZR.'..≈≈≈'....:#
#.#.####.8#.≈≈≈≈Y...$|#
#+#....#### ≈≈≈≈#8Yp.8#
####....# ≈≈.#######
####.### .###8.8##
#♣♣###...#####8.⌠.8#
##♣...P###............
♣P......♣########'''##


You could see the friendly Octavia the knight (idealised), a dire elephant and a
spectral anaconda (ally target).

Vanquished Creatures
  2 dire elephants (Lair:6)
  A hydra (Lair:6)
  A two-headed ogre (D:8)
  A spectral death yak (Lair:6)
  2 black mambas (Lair:1)
  2 merfolk sirens (Lair:3)
  11 elephants
  4 cane toads
  2 komodo dragons (Lair:1)
  2 rime drakes (Lair:4)
  2 ice devils (Lair:4)
  A troll (D:8)
  A merfolk (Lair:3)
  2 hornets (Lair:4)
  5 blink frogs
  3 dream sheep (Lair:4)
  A spectral elephant (Lair:6)
  A jumping spider (Lair:3)
  9 spriggans (Lair:4)
  2 wyverns
  11 yaks
  2 redbacks (Lair:3)
  8 water moccasins
  A sky beast (D:6)
  A black bear (Lair:2)
  An ogre (D:6)
  2 boggarts (Lair:4)
  2 necrophages
  21 wolves
  2 phantoms
  4 centaurs
  2 elf zombies (Ossuary)
  A kobold brigand (D:7)
  9 bullfrogs
  2 scorpions
  An elephant simulacrum (Lair:6)
  2 electric eels (D:8)
  A vampire bat (D:4)
  A human zombie (Ossuary)
  An orc priest (D:7)
  6 hounds
  A centaur zombie (D:7)
  A bullfrog skeleton (D:5)
  4 orc wizards
  4 iguanas
  A killer bee zombie (D:7)
  A hound skeleton (D:4)
  A mummy (Ossuary)
  4 gnolls (D:3)
  4 adders
  3 shadow imps (D:5)
  A white imp (D:5)
  An adder zombie (Ossuary)
  2 worms
  4 dart slugs
  5 fire bats
  20 orcs
  2 spectral bats (D:4)
  10 bats
  A bat zombie (D:4)
  7 endoplasms
  2 giant cockroaches (D:1)
  5 goblins
  9 hobgoblins
  7 jackals
  9 kobolds
  5 quokkas
  7 ball pythons
  A bat simulacrum (D:4)
  A frilled lizard (D:3)
  5 hobgoblin zombies (Ossuary)
  2 jackal zombies (Ossuary)
  7 kobold zombies (Ossuary)
  8 orc zombies (Ossuary)
  5 rats (D:1)
  4 rat zombies (Ossuary)
290 creatures vanquished.

Vanquished Creatures (collateral kills)
  2 dire elephants (Lair:6)
  2 hydras (Lair:5)
  2 necromancers (Lair:6)
  A wolf spider (Lair:3)
  A manticore (D:7)
  3 black mambas
  6 elephants
  A dire elephant zombie (Lair:6)
  2 cane toads
  Maggie (D:8)
  A komodo dragon (Lair:4)
  2 rime drakes
  A merfolk (Lair:3)
  3 blink frogs
  A hornet (Lair:4)
  6 dream sheep
  3 spriggans (Lair:4)
  3 yaks (Lair:2)
  3 fire bats (Lair:6)
  2 wyverns
  A basilisk (Lair:6)
  4 water moccasins
  A necrophage (D:8)
  9 wolves
  2 ogres (D:6)
  A kobold brigand (D:8)
  3 bullfrogs
  A cane toad simulacrum (Lair:6)
  A wyvern skeleton (D:7)
  4 wights (D:8)
  2 centaur zombies (Ossuary)
  A human zombie (Ossuary)
  An orc priest (D:7)
  A centaur skeleton (D:7)
  A hound (D:8)
  An orc wizard (D:8)
  A mummy (Ossuary)
  A dart slug (D:4)
  5 orcs
  3 bat skeletons (D:4)
  A giant cockroach (D:4)
  4 kobolds
  A bat (D:4)
  3 hobgoblin zombies (Ossuary)
  An orc zombie (Ossuary)
100 creatures vanquished.

Vanquished Creatures (others)
  A boggart (Lair:4)
  3 knights
  An orc (D:8)
  12 fungi
  22 plants
  19 withered plants (Lair:6)
58 creatures vanquished.

Grand Total: 448 creatures vanquished

Notes
Turn   | Place    | Note
-------+----------+-------------------------------------------
     0 | D:1      | dolemite99 the Hill Orc Fighter began the quest for the
                  | Orb.
     0 | D:1      | Reached XP level 1. HP: 19/19 MP: 1/1
    69 | D:1      | Reached skill level 3 in Axes
    75 | D:1      | Reached XP level 2. HP: 22/26 MP: 2/2
   221 | D:1      | Reached skill level 4 in Axes
   739 | D:1      | Reached XP level 3. HP: 31/31 MP: 3/3
  1345 | D:2      | Reached skill level 5 in Axes
  1771 | D:2      | Found a faded altar of an unknown god.
  2025 | D:3      | Reached skill level 1 in Polearms
  2025 | D:3      | Reached XP level 4. HP: 39/39 MP: 4/4
  2588 | D:3      | Found a runed translucent gate.
  2588 | D:3      | Found a runed translucent gate.
  2588 | D:3      | Found a runed translucent gate.
  2589 | D:3      | Noticed freelancePsychic's ghost (amateur HOAK)
  2589 | D:3      | Noticed a kobold brigand
  2641 | D:3      | Reached XP level 5. HP: 44/45 MP: 5/5
  2984 | D:3      | Found a bloodstained altar of Trog.
  2987 | D:3      | Found an ornate altar of the Wu Jian Council.
  2996 | D:3      | Found a white marble altar of Elyvilon.
  3001 | D:3      | Found a hazy altar of Hepliaklqana.
  3008 | D:3      | Became a worshipper of Hepliaklqana the Forgotten
  3412 | D:4      | Reached XP level 6. HP: 49/51 MP: 6/6
  3547 | D:4      | Reached skill level 5 in Polearms
  3625 | D:4      | Found a transporter.
  3764 | D:4      | Found a transporter.
  3779 | D:4      | Reached * piety under Hepliaklqana
  4038 | D:4      | Found a shimmering altar of Xom.
  4198 | D:4      | Reached XP level 7. HP: 50/51 MP: 7/7
  4362 | D:5      | Entered Level 5 of the Dungeon
  4853 | D:5      | Found Qaips's General Store.
  4859 | D:5      | Bought a scroll of teleportation for 42 gold pieces
  5047 | D:5      | Reached ** piety under Hepliaklqana
  5050 | D:5      | Remembered your ancestor Octavia as a knight
  5077 | D:5      | Reached XP level 8. HP: 57/57 MP: 8/8
  5535 | D:6      | Found a radiant altar of Vehumet.
  5691 | D:6      | Found a staircase to the Ecumenical Temple.
  5728 | D:6      | Reached skill level 10 in Polearms
  6624 | D:7      | Reached skill level 1 in Throwing
  6626 | D:7      | Reached XP level 9. HP: 63/63 MP: 9/9
  6763 | D:7      | Found a sand-covered staircase.
  6772 | Ossuary  | Entered an ossuary
  6949 | Ossuary  | Reached skill level 5 in Fighting
  7098 | D:7      | Reached *** piety under Hepliaklqana
  7180 | D:7      | Found a hide-covered altar of Uskayaw.
  7572 | D:7      | Noticed a manticore
  7583 | D:7      | Killed a manticore
  7729 | D:7      | Reached skill level 5 in Throwing
  8498 | D:8      | Noticed a troll
  8499 | D:8      | Found a staircase to the Lair.
  8524 | D:8      | Reached skill level 5 in Armour
  8529 | D:8      | Killed a troll
  8530 | D:8      | Reached XP level 10. HP: 35/74 MP: 10/10
  9422 | D:8      | Noticed a two-headed ogre
  9434 | D:8      | Killed a two-headed ogre
  9657 | D:8      | Found Efibapu's Book Emporium.
  9762 | D:8      | Reached **** piety under Hepliaklqana
  9784 | D:8      | Noticed Maggie
  9789 | D:8      | Killed Maggie
  9995 | Lair:1   | Entered Level 1 of the Lair of Beasts
  9995 | Lair:1   | Noticed a cane toad
 10023 | Lair:1   | Noticed a black mamba
 10026 | Lair:1   | Killed a black mamba
 10027 | Lair:1   | Reached skill level 6 in Axes
 10030 | Lair:1   | Killed a cane toad
 10031 | Lair:1   | Reached skill level 7 in Axes
 10036 | Lair:1   | Reached skill level 8 in Axes
 10058 | Lair:1   | Reached skill level 9 in Axes
 10241 | Lair:1   | Found a runed translucent gate.
 10241 | Lair:1   | Found a runed translucent gate.
 10241 | Lair:1   | Found a runed translucent gate.
 10244 | Lair:1   | Noticed dolemite99's ghost (journeyman HOFi)
 10244 | Lair:1   | Noticed a great orb of eyes
 10435 | Lair:1   | Reached skill level 10 in Axes
 10435 | Lair:1   | Reached XP level 11. HP: 58/80 MP: 11/11
 10575 | Lair:1   | Reached skill level 11 in Axes
 10784 | Lair:1   | Found a hide-covered altar of Uskayaw.
 11097 | Lair:1   | Found a viscous altar of Jiyva.
 11124 | Lair:2   | Reached skill level 12 in Axes
 11404 | Lair:2   | Reached skill level 13 in Axes
 11556 | Lair:2   | Reached skill level 14 in Axes
 11571 | Lair:2   | Reached skill level 15 in Axes
 11996 | Lair:2   | Reached XP level 12. HP: 86/86 MP: 9/12
 12003 | Lair:2   | Reached skill level 5 in Shields
 12149 | Lair:2   | Reached ***** piety under Hepliaklqana
 12795 | Lair:3   | Found a staircase to the Shoals.
 13060 | Lair:3   | Reached skill level 5 in Evocations
 13064 | Lair:3   | Found a hole to the Spider Nest.
 14777 | Lair:4   | Reached XP level 13. HP: 64/91 MP: 14/16
 14784 | Lair:4   | Reached skill level 5 in Invocations
 16259 | Lair:5   | Reached skill level 10 in Invocations
 16313 | Lair:6   | Entered Level 6 of the Lair of Beasts
 16740 | Lair:6   | Identified a scroll of acquirement
 16745 | Lair:6   | Acquired a ring of protection from fire
 16835 | Lair:6   | Found a runed translucent door.
 16836 | Lair:6   | Found a viscous altar of Jiyva.
 16837 | Lair:6   | Found a staircase to the Slime Pits.
 17033 | Lair:6   | Noticed a dire elephant
 17033 | Lair:6   | Noticed a dire elephant
 17033 | Lair:6   | Noticed a dire elephant
 17043 | Lair:6   | Killed a dire elephant
 17066 | Lair:6   | Noticed a dire elephant
 17073 | Lair:6   | Killed a dire elephant
 17105 | Lair:6   | Noticed a dire elephant
 17115 | Lair:6   | Killed a dire elephant
 18168 | Lair:6   | Noticed a dire elephant
 18183 | Lair:6   | Killed a dire elephant
 18184 | Lair:6   | Reached XP level 14. HP: 86/101 MP: 21/24
 18191 | Lair:6   | Mangled by a dire elephant

Illustrated notes

Levels and vault maps discovered:
D:1:      pf_arrival_petrified_forest, layout_basic
D:2:      layout_basic, shapermc_ecumenical_altar_venn
D:3:      layout_loops_ring, grunt_temple_overflow_cloverleaf,
          gammafunk_ghost_nasty_kobolds, kennysheep_generic_room_6
D:4:      gammafunk_steamed_eel, layout_loops_ring,
          mainiacjoe_overflow_alcove_2, serial_glass, glass_columns_b,
          glass_columns_a, goddamned_bats
D:5:      layout_basic, serial_shops, shop, minmay_statues_item
D:6:      layout_loops_ring, nicolae_vehumet_altar_sigil,
          lemuel_temple_firewalk_a, hangedman_decor_peaks_small
D:7:      layout_layer_cave, mainiacjoe_overflow_surrounded_room,
          nicolae_ossuary_entry_monument
D:8:      layout_cave_pods, erik_lair_island, serial_shops,
          nicolae_shop_behind_doors, uniq_maggie
Lair:1:   layout_regular_city, basic_altar, gammafunk_ghost_ooze, ldierk_geyser,
          hibernation_bobbens, serial_bayou_shore_a
Lair:2:   layout_small_grid, grunt_megastairs_1
Lair:3:   layout_big_grid, elwin_shoals_entry_stream,
          spider_nest_entry_funnel_web
Lair:4:   kb_forest_paths, layout_gridlike, portal_ice_cave_demonic_guard,
          patterned_corridor
Lair:5:   layout_concentric_octagons
Lair:6:   due_jungle_book, layout_gridlike, slime_altar_2

Skill      XL: |  1  2  3  4  5  6  7  8  9 10 11 12 13 |
---------------+----------------------------------------+-----
Axes           | 3 4 5 10 15 | 15.4
Polearms       | 1 3 4 6 8 11 | 11.1
Throwing       | 1 5 |  5.1
Fighting       | 6 7 |  7.3
Armour         | 6 8 |  8.9
Shields        | 4 7 |  7.2
Evocations     | 8 |  8.2
Invocations    | 4 13 | 13.7

Action                   |  1- 3 |  4- 6 |  7- 9 | 10-12 | 13-15 || total
-------------------------+-------+-------+-------+-------+-------++-------
Melee: War axe           |    60 |       |       |   254 |   156 ||   470
       Trident           |    16 |   157 |   237 |    25 |       ||   435
Throw: Stone             |    27 |    16 |    13 |       |    20 ||    76
       Dart              |       |       |    32 |    13 |       ||    45
       Boomerang         |       |       |       |    93 |    31 ||   124
Invok: Ancestor Life: Kn |       |       |     1 |       |       ||     1
       Recall Ancestor   |       |       |       |     2 |     1 ||     3
       Idealise          |       |       |       |       |     4 ||     4
Evoke: Wand              |       |       |       |     8 |     5 ||    13
       Condenser vane    |       |       |       |     1 |     1 ||     2
       Phial of floods   |       |       |       |       |     1 ||     1
  Use: Scroll            |     2 |     3 |     8 |    14 |     4 ||    31
       Potion            |       |       |     1 |       |       ||     1
 Stab: Distracted        |       |       |     1 |     3 |     3 ||     7
Armor: Scale mail        |    36 |    40 |       |       |       ||    76
       Plate armour      |       |    37 |    98 |   180 |   109 ||   424
Dodge: Dodged            |    45 |    56 |    40 |    51 |    28 ||   220
Block: Buckler           |    19 |    29 |    37 |    26 |       ||   111
       Kite shield       |       |       |       |    43 |    63 ||   106

Table legend: (Time is in decaauts)
 A = Elapsed time spent in this place.
 B = Non-inter-level travel time spent in this place.
 C = Inter-level travel time spent in this place.
 D = Time resting spent in this place.
 E = Time spent auto-exploring this place.
 F = Levels seen in this place.
 G = Mean time per level.
                   A        B        C        D        E       F      G
               +--------+--------+--------+--------+--------+-----+--------+
         Total |  18126 |  17741 |    385 |   4667 |  10025 |  15 | 1208.4 |
       Dungeon |   9750 |   9478 |    272 |   2155 |   5768 |   8 | 1218.8 |
          Lair |   8127 |   8014 |    113 |   2512 |   4152 |   6 | 1354.5 |
       Ossuary |    248 |    248 |      0 |      0 |    104 |   1 |  248.0 |
               +--------+--------+--------+--------+--------+-----+--------+

Top non-repeatable levels by time:
  Lair:6: 1861 daAuts
  Lair:4: 1770 daAuts
     D:8: 1693 daAuts
  Lair:2: 1489 daAuts
     D:7: 1412 daAuts
     D:3: 1386 daAuts
     D:1: 1261 daAuts
     D:5: 1155 daAuts
  Lair:3: 1135 daAuts
  Lair:1: 1104 daAuts
     D:4: 1103 daAuts
     D:6: 1090 daAuts
  Lair:5: 767 daAuts
     D:2: 646 daAuts
 Ossuary: 248 daAuts
